 Dungeon Crawl Stone Soup version 0.27-a0-1200-g94dc6ad4cf (webtiles) character file.

Game seed: 451881216043682681

11709 snetch the Protected (level 11, -1/97 HPs)
             Began as a Minotaur Berserker on May 26, 2021.
             Was a High Priest of Trog.
             Killed by divine providence
             ... invoked by an orc priest
              (18 damage)
             ... on level 11 of the Dungeon on May 31, 2021.
             The game lasted 00:43:46 (13525 turns).

snetch the Protected (Minotaur Berserker)          Turns: 13525, Time: 00:43:46

Health: -1/97      AC: 13    Str: 28    XL:     11   Next: 52%
Magic:  10/10      EV:  9    Int:  4    God:    Trog [*****.]
Gold:   609        SH: 11    Dex: 13    Spells: 10/10 levels left

rFire    + . .     SeeInvis .   b - +4 demon trident (vorpal)
rCold    . . .     Faith    .   N - +0 kite shield
rNeg     . . .     Spirit   .   g - +0 chain mail "Loshray" {Harm rF+ Str+3 Dex+3}
rPois    .         Reflect  .   (helmet restricted)
rElec    .         Harm     +   E - +0 cloak
rCorr    .         Rampage  .   (no gloves)
Will     ++...                  (no boots)
Stlth    ..........             (no amulet)
HPRegen  1.26/turn              (no ring)
MPRegen  0.12/turn              (no ring)

@: strong-willed, regenerating
A: horns 2, retaliatory headbutt
a: Renounce Religion, Berserk, Trog's Hand, Brothers in Arms


You were on level 11 of the Dungeon.
You worshipped Trog.
Trog was extremely pleased with you.
You visited 2 branches of the dungeon, and saw 12 of its levels.
You also visited: Sewer and Ossuary.

You collected 659 gold pieces.
You spent 50 gold pieces at shops.

Inventory:

Hand Weapons
 a - the +4 flail "Meunaoch" {freeze, *Slow rPois rF+ Int+7}
   (You found it on level 8 of the Dungeon)

   It has been specially enchanted to freeze those struck by it, causing extra
   injury to most foes and up to half again as much damage against particularly
   susceptible opponents.
   It can also slow down cold-blooded creatures.
   It affects your intelligence (+7).
   It protects you from fire.
   It protects you from poison.
   It may slow you when you take damage.
 b - a +4 vorpal demon trident (weapon)
 c - the +3 hand axe of the Dancing Visionary {protect, rN+ rCorr Dex+4}
   (You found it on level 8 of the Dungeon)

   It grants its wielder temporary protection when it strikes (+7 to AC).
   It affects your dexterity (+4).
   It protects you from negative energy.
   It protects you from acid and corrosion.
Missiles
 j - 45 poisoned darts (quivered)
 k - 46 bolts
 n - 2 boomerangs
 o - 233 stones
 v - 3 curare-tipped darts
 F - 17 sling bullets
 H - 2 throwing nets
 K - 179 arrows
Armour
 g - the +0 chain mail "Loshray" (worn) {Harm rF+ Str+3 Dex+3}
   (You found it on level 4 of the Dungeon)

   It affects your strength (+3).
   It affects your dexterity (+3).
   It protects you from fire.
   It increases damage dealt and taken.
 E - a +0 cloak (worn)
 N - a +0 kite shield (worn)
 Y - +0 acid dragon scales
Jewellery
 d - an amulet of the acrobat
 G - a ring of fire
Wands
 y - a wand of polymorph (10)
 C - a wand of flame (46)
Scrolls
 f - 4 scrolls of teleportation
 h - 3 scrolls of amnesia {unknown}
 i - a scroll of fog
 l - 2 scrolls of torment
 m - 2 scrolls of noise
 r - 2 scrolls of brand weapon {unknown}
 t - 3 scrolls of vulnerability {unknown}
 u - 2 scrolls of enchant armour {unknown}
 B - a scroll of enchant weapon
 O - a scroll of silence
 U - 3 scrolls of magic mapping {unknown}
 V - a scroll of fear {unknown}
 W - a scroll of immolation {unknown}
Potions
 p - 3 potions of haste
 q - a potion of resistance
 w - 4 potions of flight {unknown}
 x - 4 potions of heal wounds {unknown}
 z - 4 potions of curing
 I - 5 potions of attraction {unknown}
 L - 3 potions of cancellation {unknown}
 Q - a potion of ambrosia
 R - a potion of lignification
 S - a potion of mutation
 T - a potion of invisibility


   Skills:
 + Level 9.5 Fighting
 + Level 8.6(11.1) Axes
 + Level 7.4(9.2) Maces & Flails
 + Level 8.5(10.1) Polearms
 + Level 1.9 Throwing
 + Level 11.9 Armour
 + Level 4.4 Dodging
 + Level 1.4 Stealth
 + Level 6.9 Shields


You had 10 spell levels left.
You didn't know any spells.
Your spell library contained the following spells:

 Spells                   Type           Power      Damage    Failure   Level
 Beastly Appendage        Tmut           0%         N/A       100%        1
 Corona                   Hex            0%         N/A       100%        1
 Shock                    Conj/Air       0%         1d3       100%        1
 Slow                     Hex            0%         N/A       100%        2
 Static Discharge         Conj/Air       0%         N/A       100%        2
 Wereblood                Tmut           0%         N/A       100%        2
 Inner Flame              Hex/Fire       0%         N/A       100%        3
 Portal Projectile        Hex/Tloc       0%         N/A       100%        3
 Spider Form              Tmut/Pois      0%         N/A       100%        3
 Swiftness                Air            0%         N/A       100%        3
 Tukima's Dance           Hex            0%         N/A       100%        3
 Airstrike                Air            0%         N/A       100%        4
 Cause Fear               Hex            0%         N/A       100%        4
 Ice Form                 Ice/Tmut       0%         N/A       100%        4
 Leda's Liquefaction      Hex/Erth       0%         N/A       100%        4
 Summon Lightning Spire   Summ/Air       0%         N/A       100%        4
 Hydra Form               Tmut           0%         N/A       100%        5
 Lightning Bolt           Conj/Air       0%         1d11      100%        5


Dungeon Overview and Level Annotations

Branches:
Dungeon (11/15)            Temple (1/1) D:4            Lair (0/6) D:9
  Sewer (visited)         Ossuary (visited)
    Orc: D:9-12

Altars:
Ashenzari
Cheibriados
Dithmenos
Elyvilon
Fedhas
Gozag
Hepliaklqana
Kikubaaqudgha
Makhleb
Nemelex Xobeh
Okawaru
Qazlal
Ru
Sif Muna
Trog
Uskayaw
Vehumet
Wu Jian
Xom
Yredelemnul
Zin
The Shining One

Shops:
D:1 ?

Annotations:
D:9 items and bad monsters behind rock


Innate Abilities, Weirdness & Mutations

You have a pair of horns on your head.
You reflexively headbutt those who attack you in melee.


Message History

The orc wizard hits you but does no damage.
The orc hits you from afar with a +0 trident.
The orc priest mumbles some strange prayers to Beogh against you.
Pain shoots through your body!
* * * LOW HITPOINT WARNING * * *
The orc wizard hits you with a +0 dagger.
* * * LOW HITPOINT WARNING * * *
The orc hits you but does no damage.
The orc wizard hits you but does no damage.
Found an escape hatch in the floor.
You see here a +0 club.
Unknown command.
You barely miss the orc wizard. Your headbutt misses the orc wizard.
The orc hits you but does no damage.
The orc priest hits you but does no damage.
The orc wizard hits you but does no damage.
Unknown command.
You are too confused!
It was a potion of curing.
You feel better. You block the orc's attack.
The orc priest hits you but does no damage.
The orc wizard hits you but does no damage.
Your skin crawls.
You feel strong-willed. The orc hits you but does no damage.
The orc priest hits you but does no damage.
You block the orc wizard's attack.
You impale the orc wizard!!
You kill the orc wizard!
Trog accepts your kill.
Trog appreciates your killing of a magic user.
You block the orc's attack.
The orc priest invokes the aid of Beogh against you.
Beogh smites you!
* * * LOW HITPOINT WARNING * * *
You puncture the orc priest!
The orc priest is almost dead.
The orc barely misses you.
The orc priest invokes the aid of Beogh against you.
Beogh smites you!
You die...

#####+#########+####
........##.........#
........##..$......#
.........#.........#
.........#.........# ##
.......)o..........# ##.
......o@##.........###..
........##.........'...#
>.......##.<.......#####
........##.........#
........############
#########


You could see an orc priest and an orc.

Vanquished Creatures
  A boulder beetle (D:9)
  3 two-headed ogres (D:9)
  A cyclops (D:11)
  A gargoyle (D:11)
  3 hornets
  A shadow (D:6)
  2 wyverns (D:9)
  5 wraiths (D:8)
  14 fire bats (D:8)
  A steam dragon (D:8)
  2 acid dragons
  A water moccasin (D:9)
  2 sky beasts (D:6)
  An orc warrior (D:9)
  A black bear (D:5)
  A necrophage (D:7)
  2 ogres (D:6)
  7 centaurs
  5 kobold brigands
  A bullfrog (D:9)
  A gnoll sergeant (D:8)
  A wyvern zombie (D:8)
  2 scorpions (D:5)
  13 killer bees
  4 wights (D:7)
  A jelly (D:5)
  4 centaur zombies
  3 gnoll shamans
  3 hounds (D:5)
  Crazy Yiuf (D:5)
  2 bullfrog skeletons
  3 iguanas
  15 orc wizards
  A killer bee zombie (D:7)
  8 mummies (Ossuary)
  17 gnolls
  4 adders
  A river rat (Sewer)
  2 shadow imps
  2 adder skeletons (D:4)
  4 worms (D:2)
  A dart slug (D:1)
  16 orcs
  88 bats
  2 endoplasms
  7 giant cockroaches
  3 gnoll zombies (Ossuary)
  7 goblins
  4 hobgoblins
  11 jackals
  8 quokkas
  5 ball pythons
  A frilled lizard (D:1)
  3 hobgoblin zombies (Ossuary)
  21 kobolds
  2 kobold zombies (Ossuary)
  8 rats
334 creatures vanquished.

Vanquished Creatures (collateral kills)
  A flayed ghost (D:8)
1 creature vanquished.

Grand Total: 335 creatures vanquished

Notes
Turn   | Place    | Note
-------+----------+-------------------------------------------
     0 | D:1      | snetch the Minotaur Berserker began the quest for the Orb.
     0 | D:1      | Reached XP level 1. HP: 19/19 MP: 0/0
   175 | D:1      | Found Feyleiz's Magic Scroll Shop.
   196 | D:1      | Reached XP level 2. HP: 27/27 MP: 1/1
   320 | D:2      | Found a sacrificial altar of Ru.
   820 | D:1      | Reached ** piety under Trog
   886 | D:1      | Found a faded altar of an unknown god.
   995 | D:1      | Bought a scroll of fog for 20 gold pieces
   995 | D:1      | Bought a scroll of teleportation for 30 gold pieces
  1086 | D:2      | Reached XP level 3. HP: 30/33 MP: 2/2
  1436 | D:2      | Reached XP level 4. HP: 30/41 MP: 3/3
  2238 | D:3      | Reached skill level 5 in Axes
  2386 | D:3      | Reached skill level 3 in Armour
  3126 | D:4      | Identified the +0 chain mail "Loshray" {Harm rF+ Str+3
                  | Dex+3}
  3290 | D:4      | Reached *** piety under Trog
  3291 | D:4      | Reached XP level 5. HP: 44/47 MP: 4/4
  3340 | D:5      | Entered Level 5 of the Dungeon
  3441 | D:5      | Reached skill level 4 in Armour
  3489 | D:5      | Found a glowing drain.
  3520 | Sewer    | Entered a sewer
  3532 | Sewer    | Reached XP level 6. HP: 55/55 MP: 5/5
  3597 | Sewer    | Reached skill level 1 in Polearms
  3599 | Sewer    | Reached skill level 5 in Fighting
  3672 | Sewer    | Found a white marble altar of Elyvilon.
  4384 | D:4      | Found a staircase to the Ecumenical Temple.
  4390 | Temple   | Entered the Ecumenical Temple
  4709 | D:5      | Reached skill level 5 in Armour
  4709 | D:5      | Reached XP level 7. HP: 50/61 MP: 6/6
  5326 | D:5      | Found a runed translucent door.
  5327 | D:5      | Noticed Crazy Yiuf
  5336 | D:5      | Killed Crazy Yiuf
  5904 | D:6      | Reached skill level 1 in Stealth
  5907 | D:6      | Reached skill level 5 in Polearms
  5956 | D:7      | Reached skill level 1 in Throwing
  5956 | D:7      | Reached skill level 6 in Armour
  5957 | D:7      | Reached XP level 8. HP: 70/70 MP: 7/7
  6026 | D:7      | Reached **** piety under Trog
  6160 | D:7      | Reached skill level 1 in Maces & Flails
  6161 | D:7      | Reached skill level 7 in Armour
  6393 | D:7      | Found a sand-covered staircase.
  6397 | Ossuary  | Entered an ossuary
  7247 | D:6      | Reached skill level 8 in Armour
  7248 | D:6      | Reached XP level 9. HP: 16/78 MP: 8/8
  8908 | D:7      | Reached skill level 9 in Armour
  9042 | D:8      | HP: 5/117 [acid dragon (2)]
  9042 | D:8      | HP: 2/117 [acid dragon (3)]
  9109 | D:8      | Identified the +1 ring mail of Zyquerr {Dex+4}
  9353 | D:9      | Noticed a two-headed ogre
  9680 | D:9      | Killed a two-headed ogre
  9681 | D:9      | Reached skill level 10 in Armour
 10501 | D:8      | Reached XP level 10. HP: 88/88 MP: 9/9
 10939 | D:8      | Reached ***** piety under Trog
 10986 | D:8      | Received a gift from Trog
 10987 | D:8      | Reached skill level 5 in Maces & Flails
 11015 | D:8      | Found a shimmering blue altar of Sif Muna.
 11050 | D:8      | Reached skill level 5 in Shields
 11081 | D:8      | Found an iron altar of Okawaru.
 11154 | D:8      | Found a runed translucent door.
 11158 | D:8      | Found a blossoming altar of Fedhas.
 11390 | D:8      | Found a white marble altar of Elyvilon.
 11397 | D:8      | Found a shimmering altar of Xom.
 11410 | D:8      | Found a shimmering altar of Xom.
 11492 | D:8      | Noticed a flayed ghost
 11505 | D:8      | Killed a flayed ghost
 11506 | D:8      | Reached skill level 11 in Armour
 11510 | D:8      | Identified the +4 flail "Meunaoch" {freeze, *Slow rPois rF+
                  | Int+7}
 11512 | D:8      | Identified the +3 hand axe of the Dancing Visionary
                  | {protect, rN+ rCorr Dex+4}
 11533 | D:8      | Upgraded the game from 0.27-a0-1193-g8631133539 to
                  | 0.27-a0-1200-g94dc6ad4cf
 11668 | D:9      | Identified the Almanac of Fetching Summoning
 11705 | D:9      | Noticed an ice dragon
 11705 | D:9      | Noticed a two-headed ogre
 11706 | D:9      | Noticed a tengu warrior
 11710 | D:9      | Noticed a white ugly thing
 11712 | D:9      | Found a staircase to the Lair.
 11825 | D:9      | Noticed a boulder beetle
 11848 | D:9      | Killed a boulder beetle
 11849 | D:9      | Reached XP level 11. HP: 29/95 MP: 10/10
 12216 | D:9      | Found a bloodstained altar of Trog.
 12436 | D:9      | Noticed a two-headed ogre
 12445 | D:9      | Killed a two-headed ogre
 12547 | D:9      | Noticed a two-headed ogre
 12558 | D:9      | Paralysed by a hornet for 2 turns
 12566 | D:9      | Killed a two-headed ogre
 13097 | D:10     | Entered Level 10 of the Dungeon
 13122 | D:10     | Found a sacrificial altar of Ru.
 13237 | D:10     | Found a burning altar of Makhleb.
 13239 | D:10     | Found a shimmering blue altar of Sif Muna.
 13239 | D:10     | Found a stormy altar of Qazlal.
 13240 | D:10     | Found a white marble altar of Elyvilon.
 13258 | D:10     | Found an iron altar of Okawaru.
 13258 | D:10     | Found a glowing golden altar of the Shining One.
 13259 | D:10     | Found a broken altar of Ashenzari.
 13299 | D:10     | Found a radiant altar of Vehumet.
 13525 | D:11     | Killed from afar by an orc priest

Illustrated notes

Levels and vault maps discovered:
D:1:      sevenhm_arrival_forest_fort_small_6, layout_basic, serial_shops, shop,
          ebering_ecumenical_altar_sacrificial, minmay_misc_feat_enclosed,
          hex_tiny, minivault_23
D:2:      layout_loops_ring, basic_altar, roderic_lattice_a,
          cheibrodos_gnoll_hut
D:3:      layout_basic
D:4:      layout_loops_ring, minmay_temple_entry_fiery,
          kennysheep_generic_room_8
D:5:      layout_loops_corners, gup_sewer_entry_pipe, st_stairs_11,
          uniq_crazy_yiuf_cottage
D:6:      minmay_flawed_box, layout_layer_cave
D:7:      layout_basic, enter_ossuary_5
D:8:      due_megacathedral, layout_loops_ring, chequers_serial_rivers_room_b
D:9:      minmay_razor_zed, layout_gridville, lemuel_round_altar,
          onia_ninara_dug_in_and_dangerous
D:10:     layout_rooms, grunt_temple_overflow_open, lemuel_tele_altar
D:11:     layout_roguey, orc_0_dummy, portal_ice_cave_entry_imps, uniq_snorg
Temple:   minmay_temple_bridge_abc

Skill      XL: |  1  2  3  4  5  6  7  8  9 10 11 |
---------------+----------------------------------+-----
Fighting       | 4 5 6 7 8 9 |  9.5
Axes           | 4 5 6 8 |  8.6
Dodging        | 3 4 |  4.4
Armour         | 3 4 5 6 8 10 11 | 11.9
Polearms       | 3 5 6 8 |  8.5
Stealth        | 1 |  1.4
Throwing       | 1 |  1.9
Maces & Flails | 3 7 |  7.4
Shields        | 6 |  6.9

Action                   |  1- 3 |  4- 6 |  7- 9 | 10-12 || total
-------------------------+-------+-------+-------+-------++-------
Melee: Hand axe          |    55 |    30 |   120 |       ||   205
       Headbutt          |     9 |    23 |    69 |    82 ||   183
       Trident           |       |   106 |    29 |       ||   135
       Whip              |       |       |   115 |   177 ||   292
       Flail             |       |       |     2 |    58 ||    60
       Demon trident     |       |       |       |   101 ||   101
Throw: Dart              |       |     3 |     7 |     3 ||    13
Invok: Trog's Hand       |       |       |     8 |     4 ||    12
       Berserk           |       |       |     4 |     2 ||     6
       Brothers in Arms  |       |       |       |     1 ||     1
  Use: Scroll            |       |       |       |    10 ||    10
       Potion            |       |       |       |     1 ||     1
 Stab: Sleeping          |     1 |       |       |       ||     1
Armor: Animal skin       |     6 |       |       |       ||     6
       Leather armour    |    10 |     6 |       |       ||    16
       Chain mail        |       |    37 |   134 |   209 ||   380
       Ring mail         |       |     1 |       |       ||     1
Dodge: Dodged            |    48 |    46 |   124 |   122 ||   340
Block: Kite shield       |       |       |     1 |   212 ||   213

Table legend: (Time is in decaauts)
 A = Elapsed time spent in this place.
 B = Non-inter-level travel time spent in this place.
 C = Inter-level travel time spent in this place.
 D = Time resting spent in this place.
 E = Time spent auto-exploring this place.
 F = Levels seen in this place.
 G = Mean time per level.
                   A        B        C        D        E       F      G
               +--------+--------+--------+--------+--------+-----+--------+
         Total |  13693 |  12773 |    920 |    802 |   9029 |  14 |  978.1 |
       Dungeon |  12874 |  11962 |    912 |    802 |   8427 |  11 | 1170.4 |
        Temple |    107 |     99 |      8 |      0 |     34 |   1 |  107.0 |
         Sewer |    221 |    221 |      0 |      0 |    168 |   1 |  221.0 |
       Ossuary |    489 |    489 |      0 |      0 |    399 |   1 |  489.0 |
               +--------+--------+--------+--------+--------+-----+--------+

Top non-repeatable levels by time:
     D:8: 2279 daAuts
     D:6: 1686 daAuts
     D:9: 1612 daAuts
     D:7: 1477 daAuts
     D:5: 1367 daAuts
     D:2: 1191 daAuts
     D:4: 1028 daAuts
     D:1: 1015 daAuts
     D:3: 884 daAuts
 Ossuary: 489 daAuts
   Sewer: 221 daAuts
    D:10: 210 daAuts
    D:11: 121 daAuts
  Temple: 107 daAuts
